 Dungeon Crawl Stone Soup version 0.19-a0-1653-g922d709 (webtiles) character file.

1209 Promi the Magician (level 8, -5/93 HPs)
             Began as a Demigod Wizard on Sept 20, 2016.
             Slain by an orc warrior
             ... wielding a +0 dire flail of draining
              (11 damage)
             ... on level 5 of the Dungeon.
             The game lasted 00:19:59 (6296 turns).

Promi the Magician (Demigod Wizard)                 Turns: 6296, Time: 00:19:59

Health: -5/93      AC: 24    Str: 10    XL:     8   Next: 1%
Magic:  19/19      EV:  2    Int: 26    God:
Gold:   260        SH:  0    Dex: 14    Spells: 3 memorised, 10 levels left

rFire  . . .     SeeInvis .     w - +2 falchion (holy)
rCold  . . .     Gourm    .     (armour currently unavailable)
rNeg   + + +     Faith    .     (no shield)
rPois  +         Spirit   .     (helmet currently unavailable)
rElec  .         Dismiss  .     (cloak currently unavailable)
rCorr  .         Reflect  .     (gloves currently unavailable)
MR     .....     Harm     .     (boots currently unavailable)
Stlth  +++....... NoTele   +    (no amulet)
                                (no ring)
                                (no ring)

@: tree-form, drained
A: high mp 1
a: no special abilities


You were on level 5 of the Dungeon.
You were not hungry.
You were a tree.
You visited 1 branch of the dungeon, and saw 6 of its levels.

You collected 260 gold pieces.

Inventory:

Hand Weapons
 w - a +2 falchion of holy wrath (weapon)
Armour
 a - a +0 robe (melded)
 b - a +2 hat (melded)
 g - a +0 pair of boots (melded)
Jewellery
 j - an uncursed amulet of guardian spirit
Wands
 i - a wand of iceblast (4/15)
 n - a wand of acid (5/15)
Scrolls
 e - 3 scrolls of remove curse
 f - 2 scrolls of recharging
 h - 6 scrolls of identify
 k - 2 scrolls of fear
Potions
 o - a potion of brilliance {unknown}
 p - a potion of lignification
 t - 4 potions of curing
Books
 c - a book of Minor Magic

   Spells                             Type                      Level
   a - Magic Dart                     Conjuration                  1
   b - Blink                          Translocation                2
   c - Call Imp                       Summoning                    2
   d - Repel Missiles                 Charms/Air                   2
   e - Slow                           Hexes                        2
   f - Conjure Flame                  Conjuration/Fire             3
   g - Mephitic Cloud                 Conjuration/Poison/Air       3
Comestibles
 d - 3 bread rations
 l - a royal jelly
 q - a meat ration
 z - 5 fruits


   Skills:
 + Level 2.7(1.8) Fighting
 + Level 2.5(1.6) Long Blades
 + Level 3.4(2.5) Dodging
 + Level 3.9(3.1) Stealth
 * Level 5.0(4.1) Spellcasting
 * Level 4.6(3.7) Conjurations
   Level 0.8(0.0) Summonings
   Level 0.8(0.0) Translocations


You had 10 spell levels left.
You knew the following spells:

 Your Spells              Type           Power        Failure   Level  Hunger
a - Magic Dart            Conj           ###.         1%          1    None
b - Conjure Flame         Conj/Fire      ###.....     14%         3    ##.....
c - Mephitic Cloud        Conj/Pois/Air  ##......     17%         3    ##.....


Dungeon Overview and Level Annotations

Branches:
Dungeon (6/15)             Temple (0/1) D:5

Annotations:
D:3 Gorice's ghost, amateur MiVM


Innate Abilities, Weirdness & Mutations

You have an increased reservoir of magic. (+10% MP)


Message History

The orc warrior hits you but does no damage.
The orc completely misses you.
You slash the orc!
You kill the orc!
The orc warrior hits you but does no damage.
All of the chunks of flesh in your inventory have rotted away.
You closely miss the orc warrior.
The orc warrior hits you with a dire flail of draining!
* * * LOW HITPOINT WARNING * * *
You hit the orc warrior but do no damage.
The orc warrior hits you with a dire flail of draining.
* * * LOW HITPOINT WARNING * * *
The orc warrior hits you but does no damage.
You hit the orc warrior but do no damage.
The orc warrior hits you with a dire flail of draining.
* * * LOW HITPOINT WARNING * * *
You hit the orc warrior.
The orc warrior is lightly wounded.
The orc warrior hits you with a dire flail of draining!
You die...

....# #.######
###.###.# #.# ###.#
#.# #...# #.# #.# #
#.# #.# #..####.#
##.# ###.######.#
#.......####...
...#.......#
##..........(..
###.########
#####....<.... # #.#
####.####### #
#.################
#....# #
###.##.........o♣).#
#.#### #
.......###########.#
#.# # .####### #.#
#.# # .# #.# #.# #
.# #.# #.# # .#
#####.# #.## .#
#.....# #..# .###
##.##..# ##.#
...##########...##.#
#.#


You could see an orc warrior.

Vanquished Creatures
  Grinder (D:3)
  2 ogres (D:5)
  A phantom (D:4)
  A bullfrog (D:5)
  5 scorpions
  A howler monkey (D:5)
  A crimson imp (D:6)
  A hound (D:5)
  A bullfrog skeleton (D:5)
  2 iguanas (D:4)
  An orc wizard (D:5)
  2 worker ants
  A worker ant zombie (D:5)
  4 gnolls (D:5)
  3 adders
  An ooze (D:1)
  An adder skeleton (D:2)
  4 worms
  A dart slug (D:3)
  5 leopard geckos
  11 orcs
  A bat skeleton (D:2)
  2 bat zombies (D:2)
  3 giant cockroaches
  9 goblins
  7 hobgoblins
  2 jackals (D:1)
  A quokka (D:2)
  4 bats
  4 frilled lizards
  2 giant cockroach zombies (D:2)
  6 kobolds
  A leopard gecko zombie (D:5)
  2 quokka skeletons
  7 rats
101 creatures vanquished.

Notes
Turn   | Place    | Note
-------+----------+-------------------------------------------
     0 | D:1      | Promi the Demigod Wizard began the quest for the Orb.
     0 | D:1      | Reached XP level 1. HP: 14/14 MP: 6/6
   133 | D:1      | Reached skill level 3 in Spellcasting
   133 | D:1      | Reached skill level 1 in Conjurations
   513 | D:1      | Reached XP level 2. HP: 20/20 MP: 5/8
  1358 | D:2      | Reached XP level 3. HP: 10/27 MP: 1/10
  1874 | D:2      | Found a glowing golden altar of the Shining One.
  1941 | D:2      | Reached skill level 1 in Fighting
  2220 | D:2      | Learned a level 3 spell: Conjure Flame
  2224 | D:2      | Learned a level 3 spell: Mephitic Cloud
  3069 | D:3      | Reached XP level 4. HP: 35/35 MP: 11/11
  3073 | D:3      | Noticed Gorice's ghost (amateur MiVM)
  3251 | D:3      | Noticed Grinder
  3277 | D:3      | Killed Grinder
  3277 | D:3      | Reached skill level 1 in Long Blades
  3277 | D:3      | Reached XP level 5. HP: 26/41 MP: 4/13
  3444 | D:3      | Reached XP level 6. HP: 41/48 MP: 15/15
  3593 | D:4      | Found a white marble altar of Elyvilon.
  3655 | D:4      | Reached skill level 4 in Spellcasting
  4722 | D:5      | Entered Level 5 of the Dungeon
  4730 | D:5      | Reached XP level 7. HP: 55/55 MP: 16/16
  5254 | D:5      | Found a basalt altar of Yredelemnul.
  5329 | D:5      | Found a staircase to the Ecumenical Temple.
  6010 | D:5      | Found a bloodstained altar of Trog.
  6173 | D:5      | Reached skill level 5 in Spellcasting
  6173 | D:5      | Reached XP level 8. HP: 39/62 MP: 19/19
  6296 | D:5      | Slain by an orc warrior

Vault maps used:
D:1:      mainiacjoe_arrival_reflecting_pool
D:2:      serial_undead, serial_undead_a, serial_undead_f, serial_undead_c,
          serial_undead_e, tso_metal_star
D:3:      marbit_many_paths, kennysheep_okawaru_gauntlet, uniq_grinder,
          uniq_sigmund
D:4:      kennysheep_little_box, roderic_cross_of_infinity
D:5:      lemuel_round_altar, lemuel_round_altar, first_bread,
          minmay_crystal_water, dk_rats_in_the_wall
D:6:      amethyst_overflow_temple_binary, uniq_menkaure

Skill      XL: |  1  2  3  4  5  6  7 |
---------------+----------------------+-----
Spellcasting   | 3 4 5 |  5.0
Conjurations   | 1 2 3 4 |  4.6
Stealth        | 2 3 |  3.9
Dodging        | 2 3 |  3.4
Fighting       | 1 2 |  2.7
Long Blades    | 1 2 |  2.5
Summonings     | |  0.8
Translocations | |  0.8

Action                   |  1- 3 |  4- 6 |  7- 9 || total
-------------------------+-------+-------+-------++-------
Melee: Unarmed           |     3 |       |       ||     3
       Dagger            |    29 |       |       ||    29
       Falchion          |    41 |    79 |   100 ||   220
       Short sword       |    27 |       |       ||    27
 Cast: Magic Dart        |    98 |    49 |    44 ||   191
       Mephitic Cloud    |     1 |     8 |     3 ||    12
  Use: Scroll            |     9 |     2 |     1 ||    12
       Potion            |     4 |     2 |     1 ||     7
 Stab: Sleeping          |     2 |     2 |     1 ||     5
       Confused          |       |     8 |       ||     8
  Eat: Chunk             |     6 |     6 |     5 ||    17
       Fruit             |       |     1 |     1 ||     2
Armor: Robe              |    20 |     7 |    21 ||    48
       Skin              |       |       |     3 ||     3
Dodge: Dodged            |    83 |    32 |    64 ||   179
